 Dungeon Crawl Stone Soup version 0.29.1-12-g30fa7ad0bf (webtiles) character file.

Game seed: 13736718458423291377

177 nachturnus the Slasher (level 5, 0/61 HPs)
             Began as a Human Monk on Jan 9, 2023.
             Slain by Edmund
             ... wielding a +5 vorpal flail
              (1 damage)
             ... on level 4 of the Dungeon.
             The game lasted 00:11:09 (3522 turns).

nachturnus the Slasher (Human Monk)                 Turns: 3522, Time: 00:11:10

Health: 0/61       AC: 10    Str: 17    XL:     5   Next: 87%
Magic:  5/5        EV: 12    Int: 11    God:
Gold:   206        SH:  0    Dex: 17    Spells: 4/4 levels left

rFire   . . .      SeeInvis .   a - +0 falchion (vorpal)
rCold   . . .      Faith    .   (no shield)
rNeg    . . .      Spirit   .   h - +0 chain mail
rPois   .          Reflect  .   (no helmet)
rElec   .          Harm     .   (no cloak)
rCorr   .          Rampage  .   (no gloves)
Will    .....                   n - +1 pair of boots
Stlth   ..........              (no amulet)
HPRegen 0.20/turn               f - +4 ring of evasion
MPRegen 0.09/turn               k - +6 ring of strength

@: berserking, very quick
A: no striking features
a: no special abilities


You were on level 4 of the Dungeon.
You visited 1 branch of the dungeon, and saw 4 of its levels.

You collected 206 gold pieces.

Inventory:

Hand Weapons
 a - a +0 vorpal falchion (weapon)
Armour
 h - a +0 chain mail (worn)
 n - a +1 pair of boots (worn)
Jewellery
 f - a +4 ring of evasion (left hand)
 k - a +6 ring of strength (right hand)
Wands
 e - a wand of charming (12)
 i - a wand of mindburst (1)
Potions
 c - a potion of ambrosia
 d - 2 potions of lignification
 j - a potion of curing {unknown}
 l - 2 potions of brilliance
 m - 2 potions of magic
 o - a potion of mutation
 q - 2 potions of flight
 s - a potion of resistance {unknown}


   Skills:
 - Level 3.0 Fighting
 + Level 6.1 Long Blades
 - Level 3.0 Dodging
 - Level 2.0 Stealth


You had 4 spell levels left.
You didn't know any spells.
Your spell library was empty.

Dungeon Overview and Level Annotations

Branches:
Dungeon (4/15)
 Temple: D:4-7

Altars:
Elyvilon

Annotations:
D:3 Grinder
D:4 Edmund


Message History

An orc comes into view. It is wielding a +0 short sword.
Edmund the Younger comes into view.
He is wielding a +5 vorpal flail.
Edmund shouts!
You hit the orc.
You kill the orc!
The orc throws a stone.
The stone hits you but does no damage.
A goblin comes into view. It is wielding a +0 dagger.
The goblin shouts!
The orc hits you with a +0 short sword. Edmund hits you with a +5 vorpal flail!
A red film seems to cover your vision as you go berserk!
You feel yourself moving faster!
You feel mighty! The orc hits you with a +0 short sword.
Edmund hits you with a +5 vorpal flail.
You slash Edmund!
Edmund is moderately wounded.
The orc hits you with a +0 short sword. Edmund hits you with a +5 vorpal flail!
You completely miss Edmund.
Edmund is moderately wounded.
The orc hits you but does no damage.
Edmund says, "People think my brother is the best.
I think he's crazy."
Edmund hits you with a +5 vorpal flail.
You slash Edmund!
Edmund is severely wounded.
You hit Edmund.
Edmund is severely wounded.
The orc barely misses you. The goblin misses you.
Edmund hits you with a +5 vorpal flail.
* * * LOW HITPOINT WARNING * * *
x2 You barely miss Edmund.
Edmund is severely wounded.
The orc completely misses you. The goblin hits you but does no damage.
Edmund hits you with a +5 vorpal flail.
* * * LOW HITPOINT WARNING * * *
x2 You hit Edmund.
Edmund is severely wounded.
You hit Edmund.
Edmund is almost dead.
The orc hits you but does no damage. The goblin hits you but does no damage.
Edmund hits you with a +5 vorpal flail!
* * * LOW HITPOINT WARNING * * *
You die...

..# ..# .. ######..
..# .. #......#
...##. #......#
#..#.#
#......##########.#..
#...?.)..............
#.......#.#...##†..#.
#..g....#.......##...
#..o@...###...#.#####
......@....#
#...#...# #
......######
#...###)### #.....
#...##...<) #....
#...##....) .....
#...##.(..) ..##
#...##..... ..
######..... #.....


You could see Edmund, an orc and a goblin.

Vanquished Creatures
  An orc priest (D:4)
  Terence (D:3)
  Robin (D:3)
  4 adders
  A worm (D:2)
  A dart slug (D:2)
  2 orcs (D:4)
  5 ball pythons
  4 endoplasms
  2 giant cockroaches
  18 goblins
  7 hobgoblins
  4 kobolds
  2 quokkas
  6 bats
  A frilled lizard (D:2)
  4 rats
64 creatures vanquished.

Vanquished Creatures (others)
  A fungus (D:1)
  2 plants (D:2)
3 creatures vanquished.

Grand Total: 67 creatures vanquished

Notes
Turn   | Place    | Note
-------+----------+-------------------------------------------
     0 | D:1      | nachturnus the Human Monk began the quest for the Orb.
     0 | D:1      | Reached XP level 1. HP: 18/18 MP: 1/1
   457 | D:1      | Found a faded altar of an unknown god.
   469 | D:1      | Reached XP level 2. HP: 24/24 MP: 2/2
  1293 | D:2      | Reached skill level 4 in Long Blades
  1293 | D:2      | Reached XP level 3. HP: 24/29 MP: 3/3
  1526 | D:2      | Reached XP level 4. HP: 33/35 MP: 4/4
  1988 | D:3      | Noticed Robin
  1997 | D:3      | Reached skill level 5 in Long Blades
  2338 | D:3      | Killed Robin
  2549 | D:3      | Noticed Terence
  2571 | D:3      | Killed Terence
  2572 | D:3      | Reached XP level 5. HP: 33/41 MP: 5/5
  2579 | D:3      | Found a white marble altar of Elyvilon.
  2597 | D:3      | Noticed Grinder
  2600 | D:3      | Paralysed by Grinder for 4 turns
  3392 | D:4      | Reached skill level 6 in Long Blades
  3510 | D:4      | Noticed Edmund
  3522 | D:4      | HP: 1/61 [Edmund/+5 vorpal flail (10)]
  3522 | D:4      | Slain by Edmund

Illustrated notes

Levels and vault maps discovered:
D:1:      roderic_crossed_star, layout_loops_corners,
          shapermc_ecumenical_altar_gd
D:2:      layout_loops_ring, serial_bayou_pond_a
D:3:      layout_rooms, lemuel_crystal_altar, uniq_terence, uniq_grinder,
          uniq_robin
D:4:      layout_basic, mainiacjoe_overflow_alcove_1, guppyfry_early_orc_mine,
          uniq_edmund

Skill      XL: |  1  2  3  4  5 |
---------------+----------------+-----
Long Blades    | 4 5 6 |  6.1
Fighting       | |  3.0
Dodging        | |  3.0
Stealth        | |  2.0

Action                   |  1- 3 |  4- 6 || total
-------------------------+-------+-------++-------
Melee: Falchion          |    73 |   125 ||   198
       Punch             |     1 |       ||     1
  Use: Scroll            |       |    12 ||    12
       Potion            |       |     1 ||     1
 Stab: Sleeping          |     1 |       ||     1
Armor: Chain mail        |    19 |    74 ||    93
       Robe              |     1 |       ||     1
Dodge: Dodged            |    46 |   108 ||   154
